TOP OF THE 1ST |
Washington State University Cougars batting - Pitching for Clemson University Tigers : RHP Quintin Duncombe
|
Pitching: RHP Quintin Duncombe
|
|
Batting: RHB Rafael Collyer
|
0-0: Ball 1-0: Called Strike 1-1: Swinging Strike 1-2: Ball 2-2: Ball 3-2: Ground out 1-3 (Groundball, 25, EV 68.8 MPH)
|
Batting: RHB Mas Langat
|
0-0: Foul Ball, location: 2F 0-1: Ball 1-1: Ground out 3-1 (Groundball, 34S, EV 86.2 MPH)
|
Batting: LHB Scott Spillers
|
0-0: Called Strike 0-1: DOUBLE (Line Drive, 7LS, EV 96.2 MPH)
|
Batting: LHB Israel Ariza
|
0-0: Called Strike 0-1: Ball 1-1: Swinging Strike 1-2: Ball 2-2: Ball 3-2: Strikes out swinging
|
Top of the 1st over - 0 runs, 1 hit, 0 errors, 1 left on base; Washington State University 0 - Clemson University 0 |
BOTTOM OF THE 1ST |
Clemson University Tigers batting - Pitching for Washington State University Cougars : RHP Steve Cooper
|
Pitching: RHP Steve Cooper
|
|
Batting: LHB Steve Gates
|
0-0: Ball 1-0: Ball 2-0: Ball 3-0: Base on Balls
|
Batting: RHB Josh LeSage
|
0-0: Ball 1-0: Ball 2-0: Called Strike 2-1: Grounds into double play, 6-4-3 (Groundball, 6, EV 104.4 MPH)
|
Batting: RHB Marco Maggs
|
0-0: Ball 1-0: Ball 2-0: Foul Ball, location: 2F 2-1: Ball 3-1: Called Strike 3-2: Base on Balls
|
Batting: LHB Mario Nunez
|
0-0: Fly out, F7 (Flyball, 7, EV 76.9 MPH)
|
Bottom of the 1st over - 0 runs, 0 hits, 0 errors, 1 left on base; Washington State University 0 - Clemson University 0 |
TOP OF THE 2ND |
Washington State University Cougars batting - Pitching for Clemson University Tigers : RHP Quintin Duncombe
|
Batting: LHB David Jackson
|
0-0: Ground out 4-3 (Groundball, 4, EV 78.8 MPH)
|
Batting: RHB Wil Gonzales
|
0-0: Called Strike 0-1: Ball 1-1: Ball 2-1: Foul Ball, location: 2F 2-2: Ground out 6-3 (Groundball, 6, EV 103.8 MPH)
|
Batting: RHB Miguel Paredes
|
0-0: Fly out, F8 (Flyball, 8LD, EV 97.5 MPH)
|
Top of the 2nd over - 0 runs, 0 hits, 0 errors, 0 left on base; Washington State University 0 - Clemson University 0 |
BOTTOM OF THE 2ND |
Clemson University Tigers batting - Pitching for Washington State University Cougars : RHP Steve Cooper
|
Batting: LHB Jochen Salt
|
0-0: Swinging Strike 0-1: Foul Ball, location: 2F 0-2: Strikes out swinging
|
Batting: RHB Jason Duncan
|
0-0: Called Strike 0-1: Ground out 6-3 (Groundball, 6S, EV 69.4 MPH)
|
Batting: LHB Alfredo Padilla
|
0-0: Swinging Strike 0-1: Foul Ball, location: 2F 0-2: Ball 1-2: Ball 2-2: Strikes out swinging
|
Bottom of the 2nd over - 0 runs, 0 hits, 0 errors, 0 left on base; Washington State University 0 - Clemson University 0 |
TOP OF THE 3RD |
Washington State University Cougars batting - Pitching for Clemson University Tigers : RHP Quintin Duncombe
|
Batting: LHB Rex Creswell
|
0-0: Ball 1-0: Swinging Strike 1-1: Foul Ball, location: 2F 1-2: Foul Ball, location: 2F 1-2: Fly out, F8 (Flyball, 8RM, EV 88.8 MPH)
|
Batting: RHB Joe Weber
|
0-0: Ball 1-0: Ball 2-0: Ball 3-0: Base on Balls
|
Batting: RHB Rafael Collyer
|
0-0: Ball 1-0: Ball 2-0: Fielders Choice at 2nd, 4-6 (Groundball, 4, EV 90.6 MPH)
|
Batting: RHB Mas Langat
|
0-0: Ball 1-0: Foul Ball, location: 2F 1-1: DOUBLE (Groundball, 5L, EV 103.8 MPH) Rafael Collyer to third
|
Batting: LHB Scott Spillers
|
0-0: Ball 1-0: Fly out, F7 (Flyball, 7LS, EV 90.6 MPH)
|
Top of the 3rd over - 0 runs, 1 hit, 0 errors, 2 left on base; Washington State University 0 - Clemson University 0 |
BOTTOM OF THE 3RD |
Clemson University Tigers batting - Pitching for Washington State University Cougars : RHP Steve Cooper
|
Batting: RHB Willis Suarez
|
0-0: Foul Ball, location: 2F 0-1: Swinging Strike 0-2: Ball 1-2: Foul Ball, location: 2F 1-2: Ball 2-2: Foul Ball, location: 2F 2-2: Strikes out looking
|
Batting: RHB Danny Gutierrez
|
0-0: Foul Ball, location: 2F 0-1: Called Strike 0-2: Fly out, F9 (Flyball, 9S, EV 88.8 MPH)
|
Batting: LHB Steve Gates
|
0-0: Foul Ball, location: 2F 0-1: Foul Ball, location: 2F 0-2: Strikes out swinging
|
Bottom of the 3rd over - 0 runs, 0 hits, 0 errors, 0 left on base; Washington State University 0 - Clemson University 0 |
TOP OF THE 4TH |
Washington State University Cougars batting - Pitching for Clemson University Tigers : RHP Quintin Duncombe
|
Batting: LHB Israel Ariza
|
0-0: Ball 1-0: Ball 2-0: Ball 3-0: Called Strike 3-1: Base on Balls
|
Batting: LHB David Jackson
|
0-0: Called Strike 0-1: SINGLE (Groundball, 6MD, EV 100.6 MPH) Israel Ariza to second
|
Batting: RHB Wil Gonzales
|
0-0: Ball 1-0: Grounds into double play, 6-4-3 (Groundball, 6, EV 103.8 MPH) Israel Ariza to third
|
Batting: RHB Miguel Paredes
|
0-0: Ball 1-0: Ball 2-0: Foul Ball, location: 2F 2-1: Ball 3-1: Called Strike 3-2: Fly out, F7 (Flyball, 7D, EV 97.5 MPH)
|
Top of the 4th over - 0 runs, 1 hit, 0 errors, 1 left on base; Washington State University 0 - Clemson University 0 |
BOTTOM OF THE 4TH |
Clemson University Tigers batting - Pitching for Washington State University Cougars : RHP Steve Cooper
|
Batting: RHB Josh LeSage
|
0-0: Fly out, F8 (Flyball, 8RD, EV 83.1 MPH)
|
Batting: RHB Marco Maggs
|
0-0: SINGLE (Flyball, 3D, EV 93.8 MPH)
|
Batting: LHB Mario Nunez
|
0-0: Ball 1-0: Called Strike 1-1: Called Strike 1-2: Grounds into double play, 6-4-3 (Groundball, 6, EV 106.9 MPH)
|
Bottom of the 4th over - 0 runs, 1 hit, 0 errors, 0 left on base; Washington State University 0 - Clemson University 0 |
TOP OF THE 5TH |
Washington State University Cougars batting - Pitching for Clemson University Tigers : RHP Quintin Duncombe
|
Now at 3B: Jerry Maxwell
|
|
Batting: LHB Rex Creswell
|
0-0: Ball 1-0: Foul Ball, location: 2F 1-1: Swinging Strike 1-2: Ball 2-2: Fly out, F9 (Flyball, 9LS, EV 81.2 MPH)
|
Batting: RHB Joe Weber
|
0-0: Foul Ball, location: 2F 0-1: Ball 1-1: Called Strike 1-2: Fly out, F8 (Flyball, 8LS, EV 84.4 MPH)
|
Pinch Hitting: RHB Ryan Toth
|
0-0: Ground out U3 (Groundball, 3, EV 103.8 MPH)
|
Top of the 5th over - 0 runs, 0 hits, 0 errors, 0 left on base; Washington State University 0 - Clemson University 0 |
BOTTOM OF THE 5TH |
Clemson University Tigers batting - Pitching for Washington State University Cougars : RHP Steve Cooper
|
Now at C: Dave DeLaMater
|
|
Now at 2B: Ryan Toth
|
|
Batting: LHB Jochen Salt
|
0-0: Called Strike 0-1: Foul Ball, location: 2F 0-2: Strikes out swinging
|
Batting: RHB Jason Duncan
|
0-0: Ball 1-0: Swinging Strike 1-1: Fly out, F9 (Flyball, 9LM, EV 97.5 MPH)
|
Batting: LHB Alfredo Padilla
|
0-0: Called Strike 0-1: Foul Ball, location: 2F 0-2: Foul Ball, location: 2F 0-2: Strikes out swinging
|
Bottom of the 5th over - 0 runs, 0 hits, 0 errors, 0 left on base; Washington State University 0 - Clemson University 0 |
TOP OF THE 6TH |
Washington State University Cougars batting - Pitching for Clemson University Tigers : RHP Quintin Duncombe
|
Pitching: LHP Salvatore Vasquez
|
|
Now at 1B: David Fiedler
|
|
Now in RF: Tony Rivera
|
|
Pinch Hitting: RHB Ron Essink
|
0-0: Called Strike 0-1: Swinging Strike 0-2: Ball 1-2: Foul Ball, location: 2F 1-2: Ball 2-2: Ground out 6-3 (Groundball, 6, EV 92.5 MPH)
|
Pinch Hitting: LHB Tony Brea
|
0-0: Ball 1-0: Ball 2-0: Ball 3-0: Called Strike 3-1: Called Strike 3-2: Strikes out swinging
|
Batting: LHB Israel Ariza
|
0-0: Foul Ball, location: 2F 0-1: Called Strike 0-2: Ball 1-2: Ball 2-2: Foul Ball, location: 2F 2-2: Foul Ball, location: 2F 2-2: Strikes out swinging
|
Top of the 6th over - 0 runs, 0 hits, 0 errors, 0 left on base; Washington State University 0 - Clemson University 0 |
BOTTOM OF THE 6TH |
Clemson University Tigers batting - Pitching for Washington State University Cougars : RHP Steve Cooper
|
Now at SS: Ron Essink
|
|
Now in RF: Tony Brea
|
|
Batting: RHB Willis Suarez
|
0-0: Called Strike 0-1: Ball 1-1: Ball 2-1: Ground out 6-3 (Groundball, 6, EV 103.8 MPH)
|
Batting: RHB Danny Gutierrez
|
0-0: SINGLE (Groundball, 6MD, EV 110.0 MPH)
|
Batting: LHB David Fiedler
|
0-0: Called Strike 0-1: Foul Ball, location: 2F 0-2: Ball 1-2: Ball 2-2: Ball 3-2: SINGLE (Groundball, 6S, EV 70.6 MPH) (infield hit) Danny Gutierrez to second
|
Batting: RHB Josh LeSage
|
0-0: Grounds into double play, 6-4-3 (Groundball, 6, EV 86.9 MPH)
|
Bottom of the 6th over - 0 runs, 2 hits, 0 errors, 1 left on base; Washington State University 0 - Clemson University 0 |
TOP OF THE 7TH |
Washington State University Cougars batting - Pitching for Clemson University Tigers : LHP Salvatore Vasquez
|
Pitching: RHP John Sweet
|
|
Pinch Hitting: SHB Juan Delanoval
|
0-0: Called Strike 0-1: Called Strike 0-2: Strikes out looking
|
Batting: RHB Wil Gonzales
|
0-0: DOUBLE (Groundball, 5L, EV 101.9 MPH)
|
Batting: RHB Briruc Fenuku
|
0-0: SINGLE (Groundball, 4MD, EV 93.8 MPH) Wil Gonzales to third Runner from 3rd tries for Home, SAFE, throw by CF to home
|
Pinch Hitting: SHB Bob Jeffreys
|
0-0: Grounds into double play, 6-4-3 (Groundball, 6, EV 107.5 MPH)
|
Top of the 7th over - 1 run, 2 hits, 0 errors, 0 left on base; Washington State University 1 - Clemson University 0 |
BOTTOM OF THE 7TH |
Clemson University Tigers batting - Pitching for Washington State University Cougars : RHP Steve Cooper
|
Pitching: RHP Jose Conejo
|
|
Now at 3B: Wil Gonzales
|
|
Now in LF: Bob Jeffreys
|
|
Now in CF: Juan Delanoval
|
|
Batting: RHB Jerry Maxwell
|
0-0: Ball 1-0: Ball 2-0: Ball 3-0: Base on Balls
|
Batting: LHB Santiago Carrillo
|
0-0: Called Strike 0-1: Fly out, F8 (Flyball, 8LD, EV 105.0 MPH)
|
Batting: LHB Jochen Salt
|
0-0: Swinging Strike 0-1: Hit by Pitch Jerry Maxwell to second
|
Pinch Hitting: LHB George Jedinak
|
0-0: Ball 1-0: 3-RUN HOME RUN (Flyball, 7LD, EV 98.1 MPH), Distance : 364 ft
|
Pitching: RHP Randolph Batten
|
|
Batting: LHB Tony Rivera
|
0-0: Foul Ball, location: 2F 0-1: Fly out, F7 (Flyball, 7, EV 85.0 MPH)
|
Batting: RHB Willis Suarez
|
0-0: Ball 1-0: Swinging Strike 1-1: Foul Ball, location: 2F 1-2: Foul Ball, location: 2F 1-2: Ball 2-2: Ball 3-2: Foul Ball, location: 2F 3-2: SINGLE (Groundball, 3D, EV 100.0 MPH)
|
Batting: RHB Danny Gutierrez
|
0-0: Ball 1-0: DOUBLE (Line Drive, 9LM, EV 109.4 MPH) Willis Suarez to third Runner from 3rd tries for Home, SAFE, throw by RF to home
|
Batting: LHB David Fiedler
|
0-0: Ball 1-0: Called Strike 1-1: Called Strike 1-2: Foul Ball, location: 2F 1-2: Strikes out swinging
|
Bottom of the 7th over - 4 runs, 3 hits, 0 errors, 1 left on base; Washington State University 1 - Clemson University 4 |
TOP OF THE 8TH |
Washington State University Cougars batting - Pitching for Clemson University Tigers : RHP John Sweet
|
Pitching: RHP David Padron
|
|
Now in LF: Gustavo Carena
|
|
Batting: RHB Dave DeLaMater
|
0-0: Called Strike 0-1: Ball 1-1: Ball 2-1: Fly out, F4 (Popup, 4M, EV 60.6 MPH)
|
Batting: RHB Ryan Toth
|
0-0: Foul Ball, location: 2F 0-1: SINGLE (Groundball, 6MD, EV 104.4 MPH)
|
Batting: RHB Ron Essink
|
0-0: Ball 1-0: Ball 2-0: Ball 3-0: Called Strike 3-1: Foul Ball, location: 2F 3-2: Foul Ball, location: 2F 3-2: Fielders Choice at 2nd, 5-4 (Groundball, 56, EV 88.1 MPH)
|
Batting: LHB Tony Brea
|
0-0: Ball 1-0: Foul Ball, location: 2F 1-1: Called Strike 1-2: Ball 2-2: Ground out 1-3 (Groundball, 34S, EV 69.4 MPH)
|
Top of the 8th over - 0 runs, 1 hit, 0 errors, 1 left on base; Washington State University 1 - Clemson University 4 |
BOTTOM OF THE 8TH |
Clemson University Tigers batting - Pitching for Washington State University Cougars : RHP Randolph Batten
|
Pitching: RHP Teddy Barber
|
|
Batting: RHB Josh LeSage
|
0-0: Foul Ball, location: 2F 0-1: Ball 1-1: Foul Ball, location: 2F 1-2: Foul Ball, location: 2F 1-2: Foul Ball, location: 2F 1-2: Ball 2-2: Ground out 1-4-3 (Groundball, 15S, EV 108.1 MPH)
|
Batting: RHB Jerry Maxwell
|
0-0: Ball 1-0: Called Strike 1-1: Swinging Strike 1-2: Foul Ball, location: 2F 1-2: Ball 2-2: Strikes out swinging
|
Batting: LHB Santiago Carrillo
|
0-0: Called Strike 0-1: Foul Ball, location: 2F 0-2: Ball 1-2: Ground out 6-3 (Groundball, 56, EV 112.5 MPH)
|
Bottom of the 8th over - 0 runs, 0 hits, 0 errors, 0 left on base; Washington State University 1 - Clemson University 4 |
TOP OF THE 9TH |
Washington State University Cougars batting - Pitching for Clemson University Tigers : RHP David Padron
|
Pitching: LHP Will West
|
|
Pinch Hitting: RHB Toyo Ibe
|
0-0: Ball 1-0: Ball 2-0: Ball 3-0: Base on Balls
|
Batting: SHB Juan Delanoval
|
0-0: Ball 1-0: Swinging Strike 1-1: Swinging Strike 1-2: Foul Ball, location: 2F 1-2: Ball 2-2: Strikes out swinging
|
Batting: RHB Wil Gonzales
|
0-0: Swinging Strike 0-1: Ball 1-1: Swinging Strike 1-2: Strikes out looking
|
Batting: RHB Briruc Fenuku
|
0-0: SINGLE (Line Drive, 8RS, EV 92.5 MPH) Toyo Ibe to second
|
Batting: SHB Bob Jeffreys
|
0-0: Foul Ball, location: 2F 0-1: Foul Ball, location: 2F 0-2: Foul Ball, location: 2F 0-2: Ball Wild Pitch! Toyo Ibe to third Briruc Fenuku to second 1-2: Fly out, F4 (Popup, 4, EV 70.0 MPH)
|
Top of the 9th over - 0 runs, 1 hit, 0 errors, 2 left on base; Washington State University 1 - Clemson University 4 |
|